Map: Battle on the Boardwalk LE

Players

liquidthermy (uThermal) - Winner!

  • Race: Terran Terran
  • League: Grandmaster
  • Spawn Location: 1:00

SortOf

  • Race: Zerg Zerg
  • League: Master
  • Spawn Location: 11:00

Event: HomeStory Cup XVI

VOD

Have the link to the VOD?

Description

Time

  • Played on: Nov. 9, 2017, 7:36 a.m.
  • Length: 5:47

All games in this series

Show
View Real Time Build Order
Export as new Build Order

liquidthermy Terran - Winner!

Build Orders: Hellion Opening, Reaper Expand 

Get SALT Encoding   

  12  0:02  SCV  
  13  0:14  SCV  
  13  0:17  Supply Depot  
  14  0:26  SCV  
  15  0:39  SCV  
  15  0:41  Barracks  
  16  0:45  Refinery  
  16  0:51  SCV  
  17  1:03  SCV  
  18  1:15  SCV  
  19  1:28  Reaper  
  19  1:29  Orbital Command  
  20  1:40  Command Center  
  20  1:49  Supply Depot  
  20  1:54  SCV  
  20  2:00  Marine  
  22  2:06  SCV  
  22  2:08  Factory  
  23  2:13  Refinery  
  23  2:18  SCV  
  23  2:22  Barracks Reactor  
  24  2:30  SCV  
  25  2:42  SCV  
  26  2:54  Orbital Command  
  26  2:55  Starport, SCV  
  27  3:02  Hellion x2  
  31  3:06  Barracks Tech Lab  
  31  3:07  SCV  
  32  3:19  SCV  
  32  3:20  SCV  
  32  3:23  Hellion x2  
  37  3:31  SCV  
  37  3:32  SCV  
  39  3:35  Supply Depot  
  39  3:37  Viking  
  41  3:43  SCV  
  42  3:49  Hellion x2  
  46  3:56  Supply Depot, SCV x2  
  48  4:08  SCV x2  
  50  4:18  Siege Tank  
  50  4:19  Supply Depot  
  50  4:20  SCV x2  
  50  4:22  Liberator  
  55  4:26  Bunker  
  55  4:32  SCV, Marine x2  
  55  4:33  SCV  
  55  4:38  Command Center  
  59  4:45  SCV  
  63  4:47  Supply Depot  
  63  4:49  Marine  
  63  4:50  Marine  
  68  4:52  Siege Tank  
  66  5:07  Marine x2  
  67  5:18  SCV  
  68  5:25  Marine x2  
  72  5:42  Armory  
  66  5:43  Refinery x2, Armory  
Show
View Real Time Build Order
Export as new Build Order

SortOf Zerg 

Build Orders: Hatch First, Roach Nydus 

Get SALT Encoding   

  12  0:00  Drone  
  13  0:12  Overlord  
  13  0:17  Drone  
  14  0:31  Drone x2  
  16  0:36  Drone  
  17  0:52  Hatchery  
  17  0:56  Drone  
  17  0:59  Drone  
  18  1:11  Extractor  
  18  1:15  Spawning Pool  
  18  1:17  Drone  
  17  1:21  Drone  
  18  1:32  Drone  
  19  1:40  Drone  
  20  1:49  Overlord  
  20  2:02  Queen  
  20  2:04  Zergling x2  
  20  2:05  Queen  
  20  2:06  Zergling x2  
  26  2:12  Drone, Metabolic Boost  
  27  2:16  Drone  
  27  2:22  Drone  
  29  2:34  Drone  
  29  2:37  Drone  
  31  2:43  Overlord  
  30  2:47  Drone  
  30  2:50  Queen, Lair  
  33  2:56  Overlord  
  33  2:59  Drone  
  33  3:00  Drone  
  35  3:07  Drone  
  36  3:13  Drone  
  36  3:15  Drone  
  38  3:21  Drone x4  
  38  3:23  Extractor, Drone x3  
  44  3:27  Extractor  
  44  3:31  Queen  
  45  3:40  Roach Warren, Zergling x2  
  44  3:41  Zergling x2  
  44  3:43  Zergling x2  
  46  3:54  Overlord  
  46  3:55  Overlord  
  46  4:00  Nydus Network  
  45  4:09  Overlord  
  45  4:13  Overseer  
  45  4:16  Overlord  
  45  4:18  Queen  
  45  4:23  Roach x3  
  55  4:31  Roach x2  
  57  4:39  Nydus Canal  
  57  4:44  Roach x3  
  63  4:46  Overlord  
  63  4:50  Roach  
  65  4:57  Pneumatized Carapace  
  63  5:13  Roach x2  
  64  5:17  Nydus Canal, Overlord  
  64  5:18  Drone x2  
  64  5:19  Drone  
  67  5:21  Drone  
  68  5:28  Drone  
  68  5:29  Drone  
Tags
 
Add a new tag
Caveats
  • Supply blocks, unpowered buildings, or Contaminate may cause inaccurate times.
  • Supply counts are checked every 10 seconds.